 Dungeon Crawl Stone Soup version 0.31.0-11-ge490571c62 (webtiles) character file.

Game seed: 12084009781119649899

800 qw the Shooter (level 7, -1/35 HPs)
             Began as a Spriggan Hunter on Feb 3, 2024.
             Slain by a water moccasin zombie (3 damage)
             ... in an ossuary.
             The game lasted 00:00:17 (2772 turns).

qw the Shooter (Spriggan Hunter)                    Turns: 2772, Time: 00:00:17

Health: -1/35      AC:  3    Str: 13    XL:     7   Next: 59%
Magic:  8/8        EV: 22    Int: 11    God:
Gold:   301        SH:  0    Dex: 20    Spells: 6/6 levels left

rFire   . . .        a - +1 shortbow (heavy)
rCold   + . .        (shield currently unavailable)
rNeg    . . .        c - +0 robe
rPois   +            (helmet restricted)
rElec   .            f - +0 cloak
rCorr   .            (gloves unavailable)
SInv    +            (boots unavailable)
Will    +....        k - amulet of Demons {Faith rPois}
Stlth   ++           e - ring of protection from cold
HPRegen 0.25/turn    i - +6 ring of strength
MPRegen 0.11/turn

%: faith
@: very quick
A: very small, no large weapons, unfitting armour, see invisible, speed 3
a: no special abilities


You were in an ossuary.
You visited 1 branch of the dungeon, and saw 4 of its levels.
You also visited: Ossuary.

You collected 301 gold pieces.


Innate Abilities, Weirdness & Mutations

You are very small and have problems with some larger weapons.
You are too small for most types of armour.
You have supernaturally acute eyesight. (SInv)
You cover ground extremely quickly. (Speed+++)


   Skills:
 - Level 2.0 Fighting
 + Level 7.8 Ranged Weapons
 - Level 7.2 Dodging
 - Level 1.5 Stealth


You had 6 spell levels left.
You didn't know any spells.
Your spell library was empty.

Inventory:

Hand Weapons
 a - a +1 heavy shortbow (weapon)
Armour
 c - a +0 robe (worn)
 f - a +0 cloak (worn)
Jewellery
 e - a ring of protection from cold (left hand)
 i - a +6 ring of strength (right hand)
 k - the amulet of Demons (around neck) {Faith rPois}
   (You found it on level 3 of the Dungeon)

   [amulet of faith]

   Faith:     It allows you to gain divine favour quickly.
   rPois:     It protects you from poison
Wands
 d - a wand of mindburst (1)
Potions
 b - a potion of haste {unknown}
 g - 2 potions of curing
 j - a potion of degeneration {unknown}

Dungeon Overview and Level Annotations

Branches:
Dungeon (4/15)            Ossuary (1/1)
 Temple: D:4-7

Altars:
Gozag
Makhleb
Okawaru

Annotations:
D:3 2 runed translucent doors, exclusion: 4 iron imps, qw's ghost, weakling SpHu


Message History

The water moccasin zombie bites you. The water moccasin zombie misses you.
You shoot an arrow.
The arrow barely misses the water moccasin zombie.
The water moccasin zombie closely misses you.
The water moccasin zombie misses you.
You shoot an arrow.
The arrow barely misses the water moccasin zombie.
The water moccasin zombie bites you. x2
You shoot an arrow.
The arrow hits the water moccasin zombie.
The water moccasin zombie is moderately damaged.
The water moccasin zombie bites you.
You shoot an arrow.
The arrow barely misses the water moccasin zombie.
The water moccasin zombie bites you. The water moccasin zombie misses you.
You shoot an arrow.
The arrow closely misses the water moccasin zombie.
The water moccasin zombie barely misses you.
The water moccasin zombie misses you.
You shoot an arrow.
The arrow closely misses the water moccasin zombie.
The water moccasin zombie bites you.
The water moccasin zombie completely misses you.
You shoot an arrow.
The arrow closely misses the water moccasin zombie.
The water moccasin zombie misses you.
The water moccasin zombie completely misses you.
You shoot an arrow.
The arrow hits the water moccasin zombie!
The water moccasin zombie is heavily damaged.
The water moccasin zombie closely misses you.
The water moccasin zombie barely misses you.
You shoot an arrow.
The arrow closely misses the water moccasin zombie.
The water moccasin zombie bites you but does no damage.
You shoot an arrow.
The arrow hits the water moccasin zombie.
The water moccasin zombie is heavily damaged.
The water moccasin zombie bites you. x2
You die...

#########
#...Z...#
#@..#
#...#
##'##
#...#
#...#
#...#
#...#
###'#
#...#


You could see a water moccasin zombie.

Vanquished Creatures
  Edmund (D:4)
  2 black bears (D:4)
  3 water moccasin zombies (Ossuary)
  A burial acolyte (Ossuary)
  An orc priest (D:4)
  2 hounds (D:3)
  A crocodile zombie (Ossuary)
  2 gnolls
  5 adders
  A ribbon worm (D:4)
  12 dart slugs
  4 orcs (D:4)
  11 endoplasms
  4 giant cockroaches
  3 gnoll zombies (Ossuary)
  4 goblins
  4 hobgoblins
  6 jackals
  4 quokkas
  6 ball pythons
  5 bats
  3 frilled lizards
  A jackal zombie (Ossuary)
  8 kobolds
  A quokka zombie (D:4)
  5 rats
  A rat zombie (D:4)
101 creatures vanquished.

Notes
Turn   | Place    | Note
-------+----------+-------------------------------------------
     0 | D:1      | qw the Spriggan Hunter began the quest for the Orb.
     0 | D:1      | Reached XP level 1. HP: 10/10 MP: 2/2
     0 | D:1      | 0 ||| qw: Version: 0.3-a-157-g843a77d
     0 | D:1      | 0 ||| qw: Game counter: 3908
     0 | D:1      | 0 ||| qw: Melee chars always use a shield: true
     0 | D:1      | 0 ||| qw: God list: Okawaru
     0 | D:1      | 0 ||| qw: Allow faded altars: false
     0 | D:1      | 0 ||| qw: Do Orc after clearing Dungeon:15 true
     0 | D:1      | 0 ||| qw: Do second Lair branch before Depths: true
     0 | D:1      | 0 ||| qw: Lair rune preference: random
     0 | D:1      | 0 ||| qw: Goals: Normal
     0 | D:1      | 0 ||| PLANNING D:1-11
    26 | D:1      | Reached skill level 3 in Dodging
   165 | D:1      | Reached XP level 2. HP: 14/14 MP: 3/3
   277 | D:1      | Reached XP level 3. HP: 18/18 MP: 4/4
   626 | D:1      | 626 ||| UPGRADING to ring of protection from cold.
   627 | D:1      | 627 ||| UPGRADING to +6 ring of strength.
   628 | D:1      | 628 ||| READING 2 scrolls labelled TERAUH NAEHEO.
   629 | D:1      | 629 ||| READING scroll labelled KINAICRIDAH.
   629 | D:1      | 629 ||| BRANDING +0 shortbow.
   630 | D:1      | 630 ||| READING 2 scrolls labelled BUN BIBUOSU.
   631 | D:1      | 631 ||| DROPPING scroll of butterflies.
   632 | D:1      | 632 ||| DROPPING scroll of immolation.
   633 | D:1      | 633 ||| DROPPING scroll of noise.
   953 | D:2      | 953 ||| DROPPING ring of magical power.
  1122 | D:2      | 1122 ||| READING scroll labelled VOBREU CAGITAA.
  1122 | D:2      | 1122 ||| IDENTIFYING bubbling brown potion
  1123 | D:2      | 1123 ||| READING scroll labelled LOBIOZ ETOESED.
  1123 | D:2      | 1123 ||| ENCHANTING +0 heavy shortbow.
  1282 | D:2      | Reached XP level 4. HP: 21/22 MP: 5/5
  1530 | D:2      | 1530 ||| DROPPING potion of ambrosia.
  1718 | D:3      | Found a runed translucent door.
  1720 | D:3      | Noticed qw's ghost (weakling SpHu)
  1735 | D:3      | Found a runed translucent door.
  1793 | D:3      | Reached XP level 5. HP: 16/26 MP: 6/6
  1880 | D:3      | 1880 ||| RETREEEEATING.
  1881 | D:3      | 1881 ||| RETREEEEATING.
  1882 | D:3      | 1882 ||| RETREEEEATING.
  1883 | D:3      | 1883 ||| RETREEEEATING.
  1885 | D:3      | 1885 ||| RETREEEEATING.
  1886 | D:3      | 1886 ||| RETREEEEATING.
  1888 | D:3      | 1888 ||| RETREEEEATING.
  2000 | D:3      | Identified the amulet of Demons {Faith rPois}
  2095 | D:3      | Found a burning altar of Makhleb.
  2271 | D:3      | 2271 ||| UPGRADING to +0 cloak.
  2276 | D:3      | 2276 ||| UPGRADING to amulet of Demons {Faith rPois}.
  2281 | D:3      | 2281 ||| READING scroll labelled YPUADDUUJI.
  2382 | D:3      | 2382 ||| DRINKING 2 smoky yellow potions.
  2409 | D:3      | 2409 ||| DROPPING potion of lignification.
  2430 | D:4      | 2430 ||| PLANNING OSSUARY
  2459 | D:4      | Noticed a black bear
  2460 | D:4      | 2460 ||| ZAPPING wand of mindburst (8) at 2,-5 (black bear;
                  | floor).
  2461 | D:4      | 2461 ||| ZAPPING wand of mindburst (7) at 2,-4 (black bear;
                  | floor).
  2462 | D:4      | 2462 ||| ZAPPING wand of mindburst (6) at 2,-3 (black bear;
                  | floor).
  2462 | D:4      | Killed a black bear
  2463 | D:4      | Reached skill level 6 in Ranged Weapons
  2463 | D:4      | Reached XP level 6. HP: 30/30 MP: 7/7
  2489 | D:4      | 2489 ||| ZAPPING wand of mindburst (5) at 1,1 (black bear;
                  | floor).
  2490 | D:4      | Reached skill level 6 in Dodging
  2504 | D:4      | Found an iron altar of Okawaru.
  2505 | D:4      | Found an opulent altar of Gozag.
  2545 | D:4      | Noticed Edmund
  2546 | D:4      | 2546 ||| ZAPPING wand of mindburst (4) at 0,-6 (Edmund;
                  | floor).
  2547 | D:4      | 2547 ||| ZAPPING wand of mindburst (3) at 0,-5 (Edmund;
                  | floor).
  2548 | D:4      | 2548 ||| ZAPPING wand of mindburst (2) at 0,-4 (Edmund;
                  | floor).
  2548 | D:4      | Killed Edmund
  2601 | D:4      | Reached XP level 7. HP: 35/35 MP: 8/8
  2670 | D:4      | Found a sand-covered staircase.
  2671 | D:4      | 2671 ||| READING scroll labelled FYCIAB HORE.
  2671 | D:4      | 2671 ||| ENCHANTING +0 heavy shortbow.
  2672 | D:4      | 2672 ||| READING scroll labelled NAOJIJITTI.
  2673 | D:4      | 2673 ||| DRINKING 3 metallic cyan potions.
  2686 | Ossuary  | Entered an ossuary
  2766 | Ossuary  | HP: 8/35 [water moccasin zombie (4)]
  2772 | Ossuary  | HP: 2/35 [water moccasin zombie (4)]
  2772 | Ossuary  | Slain by a water moccasin zombie

Levels and vault maps discovered:
D:1:      dpeg_arrival_fog, layout_loops_cross, nicolae_grassy_gnolls
D:2:      layout_basic, serial_co_window_serial, co_window_paths_a,
          co_window_paths_a, co_window_paths_b, co_window_paths_a,
          co_window_corner_a, co_window_paths_a, co_window_unsneaky_path_e,
          co_window_unsneaky_path_c, co_window_unsneaky_path_e,
          co_window_unsneaky_path_e, glass_columns_b, glass_columns_a,
          glass_columns_b, glass_columns_c, minmay_heptomino_o4
D:3:      kennysheep_slugbush, layout_rooms, demons_altar,
          ebering_ghost_sewer_f, cheibrodos_gnoll_hut
D:4:      layout_loops_ring, gammafunk_temple_overflow_statue, enter_ossuary_4,
          uniq_eustachio, uniq_edmund
Ossuary:  ossuary_tomb_2

Skill      XL: |  1  2  3  4  5  6  7 |
---------------+----------------------+-----
Dodging        | 3 4 5 6 7 |  7.2
Ranged Weapons | 5 6 7 |  7.8
Fighting       | 2 |  2.0
Stealth        | |  1.5

Action                     |  1- 3 |  4- 6 |  7- 9 || total
---------------------------+-------+-------+-------++-------
   Fire: Shortbow          |   103 |    96 |    64 ||   263
  Evoke: Wand              |       |     7 |       ||     7
    Use: Scroll            |     5 |     1 |     2 ||     8
         Potion            |       |     1 |     1 ||     2
 Armour: Robe              |    20 |    13 |    28 ||    61
  Dodge: Dodged            |    59 |    58 |    62 ||   179

Table legend:
 A = Non-vault XP
 B = Vault XP
 C = Vault XP percentage of total XP
 D = Non-vault monster count
 E = Vault monster count
 F = Vault count percentage of total count
                 A         B        C        D         E       F
            +---------+---------+-------+---------+---------+-------
      Total |     454 |     690 |  60.3 |      71 |      30 |  29.7
            +---------+---------+-------+---------+---------+-------
        D:1 |      48 |      15 |  23.8 |      28 |       1 |   3.4
        D:2 |      39 |      28 |  41.8 |      15 |       3 |  16.7
        D:3 |      36 |     145 |  80.1 |      14 |      14 |  50.0
        D:4 |     331 |     155 |  31.9 |      14 |       3 |  17.6
    Ossuary |       0 |     347 | 100.0 |       0 |       9 | 100.0
            +---------+---------+-------+---------+---------+-------
